PAAA
JERSEY CITY TRITONS @ MILTON DOGFISH HEAD
08/24/2029
 
TOP OF THE 1ST
Jersey City Tritons batting - Pitching for Milton Dogfish Head : RHP Romano Martínez
Pitching: RHP Romano Martínez
Batting: RHB Dave Yates 0-0: Ball
1-0: Ball
2-0: Ball
3-0: Called Strike
3-1: Called Strike
3-2: Strikes out swinging
Batting: RHB Zahid Kashani 0-0: Ball
1-0: Called Strike
1-1: Fly out, F8 (Flyball, 8RM)
Batting: LHB Chia-ch'ing Dodman 0-0: Ball
1-0: Ball
2-0: Ball
3-0: Called Strike
3-1: Called Strike
3-2: Strikes out swinging
Top of the 1st over - 0 runs, 0 hits, 0 errors, 0 left on base; Jersey City 0 - Milton 0
BOTTOM OF THE 1ST
Milton Dogfish Head batting - Pitching for Jersey City Tritons : RHP Harold Elkins
Pitching: RHP Harold Elkins
Batting: RHB JoJo Victory 0-0: Fly out, F5 (Popup, 5)
Batting: SHB Enrique Costello 0-0: Ball
1-0: Foul Ball, location: 2F
1-1: Ball
2-1: Foul Ball, location: 2F
2-2: Ball
3-2: Base on Balls
Batting: LHB Víctor Robledo 0-0: Called Strike
0-1: Ball
1-1: Fielders Choice at 2nd, 4-6 (Groundball, 34)
Batting: RHB Paco Muñóz 0-0: Called Strike
0-1: Called Strike
0-2: Ball
1-2: Strikes out looking
Bottom of the 1st over - 0 runs, 0 hits, 0 errors, 1 left on base; Jersey City 0 - Milton 0
TOP OF THE 2ND
Jersey City Tritons batting - Pitching for Milton Dogfish Head : RHP Romano Martínez
Batting: RHB Ju-chan Pak 0-0: Swinging Strike
0-1: Called Strike
0-2: Fly out, F8 (Flyball, 8LM)
Batting: SHB Dave Atkins 0-0: Ball
1-0: Foul Ball, location: 2F
1-1: Swinging Strike
1-2: Fly out, F9 (Flyball, 9LS)
Batting: RHB Júlio Vargas 0-0: Called Strike
0-1: Foul Ball, location: 2F
0-2: Strikes out looking
Top of the 2nd over - 0 runs, 0 hits, 0 errors, 0 left on base; Jersey City 0 - Milton 0
BOTTOM OF THE 2ND
Milton Dogfish Head batting - Pitching for Jersey City Tritons : RHP Harold Elkins
Batting: LHB Floyd Long 0-0: Foul Ball, location: 2F
0-1: Ball
1-1: Swinging Strike
1-2: Fly out, F6 (Popup, 6MS)
Batting: RHB Luis Alomar 0-0: Swinging Strike
0-1: Ball
1-1: Fly out, F7 (Flyball, 7S)
Pitching: RHP Godfrey Verbiest
Batting: RHB Miguel Montoya 0-0: Ball
1-0: Ball
2-0: Called Strike
2-1: Ground out 6-3 (Groundball, 6)
Bottom of the 2nd over - 0 runs, 0 hits, 0 errors, 0 left on base; Jersey City 0 - Milton 0
TOP OF THE 3RD
Jersey City Tritons batting - Pitching for Milton Dogfish Head : RHP Romano Martínez
Batting: SHB Ludovic Michel 0-0: Ball
1-0: Foul Ball, location: 2F
1-1: Foul Ball, location: 2F
1-2: Ball
2-2: Strikes out swinging
Batting: RHB Edgar Baeza 0-0: Called Strike
0-1: Swinging Strike
0-2: Ball
1-2: Ball
2-2: Foul Ball, location: 2F
2-2: Fly out, F7 (Flyball, 7LS)
Batting: RHB Jorge Rodríguez 0-0: Ball
1-0: Ball
2-0: Fly out, F8 (Flyball, 8RXD)
Top of the 3rd over - 0 runs, 0 hits, 0 errors, 0 left on base; Jersey City 0 - Milton 0
BOTTOM OF THE 3RD
Milton Dogfish Head batting - Pitching for Jersey City Tritons : RHP Godfrey Verbiest
Batting: SHB Alejandro Castillo 0-0: Ball
1-0: Ball
2-0: DOUBLE (Flyball, 78XD)
Batting: RHB David Sánchez 0-0: Foul Ball, location: 2F
0-1: Fly out, F3 (Popup, 3S)
Batting: RHB JoJo Victory 0-0: Called Strike
0-1: Called Strike
0-2: Ground out 5-3 (Groundball, 5)
Batting: SHB Enrique Costello 0-0: Called Strike
0-1: Ball
1-1: Ground out 4-3 (Groundball, 4)
Bottom of the 3rd over - 0 runs, 1 hit, 0 errors, 1 left on base; Jersey City 0 - Milton 0
TOP OF THE 4TH
Jersey City Tritons batting - Pitching for Milton Dogfish Head : RHP Romano Martínez
Batting: RHB Dave Yates 0-0: Called Strike
0-1: Bunted foul
0-2: Ball
1-2: Ball
2-2: Foul Ball, location: 2F
2-2: Ball
3-2: Base on Balls
Batting: RHB Zahid Kashani 0-0: DOUBLE (Line Drive, 7D)
Dave Yates to third
Runner from 3rd tries for Home, SAFE, no throw
Batting: LHB Chia-ch'ing Dodman 0-0: Called Strike
0-1: Ball
1-1: Foul Ball, location: 2F
1-2: Ball
2-2: Ball
3-2: Ground out 4-3 (Groundball, 4M)
Zahid Kashani to third
Batting: RHB Ju-chan Pak 0-0: Ground out 6-3 (Groundball, 6M)
Zahid Kashani scores
Batting: SHB Dave Atkins 0-0: Called Strike
0-1: Called Strike
0-2: Strikes out swinging
Top of the 4th over - 2 runs, 1 hit, 0 errors, 0 left on base; Jersey City 2 - Milton 0
BOTTOM OF THE 4TH
Milton Dogfish Head batting - Pitching for Jersey City Tritons : RHP Godfrey Verbiest
Batting: LHB Víctor Robledo 0-0: Called Strike
0-1: Ball
1-1: Foul Ball, location: 2F
1-2: Foul Ball, location: 2F
1-2: SINGLE (Line Drive, 6D)
Batting: RHB Paco Muñóz 0-0: Foul Ball, location: 2F
0-1: Foul Ball, location: 2F
0-2: Foul Ball, location: 2F
0-2: Ball
1-2: Ball
2-2: Foul Ball, location: 2F
2-2: Ball
3-2: Foul Ball, location: 2F
3-2: Strikes out swinging
Víctor Robledo steals 2nd base
Batter strikes out.
Batting: LHB Floyd Long 0-0: Called Strike
0-1: Foul Ball, location: 2F
0-2: Ball
1-2: Ball
2-2: Ground out 5-3 (Groundball, 56S)
Víctor Robledo to third
Batting: RHB Luis Alomar 0-0: Fly out, F8 (Flyball, 8RD)
Bottom of the 4th over - 0 runs, 1 hit, 0 errors, 1 left on base; Jersey City 2 - Milton 0
TOP OF THE 5TH
Jersey City Tritons batting - Pitching for Milton Dogfish Head : RHP Romano Martínez
Batting: RHB Júlio Vargas 0-0: Foul Ball, location: 2F
0-1: Ball
1-1: Ball
2-1: Fly out, F9 (Flyball, 89S)
Batting: SHB Ludovic Michel 0-0: Ball
1-0: DOUBLE (Line Drive, 8RD)
Batting: RHB Edgar Baeza 0-0: Called Strike
0-1: 2-RUN HOME RUN (Flyball, 7LD), Distance : 374 ft
Batting: RHB Jorge Rodríguez 0-0: Foul Ball, location: 2F
0-1: Called Strike
0-2: Strikes out swinging
Batting: RHB Dave Yates 0-0: Ball
1-0: Ball
2-0: Called Strike
2-1: Ball
3-1: Foul Ball, location: 2F
3-2: Ground out U3 (Groundball, 3L)
Top of the 5th over - 2 runs, 2 hits, 0 errors, 0 left on base; Jersey City 4 - Milton 0
BOTTOM OF THE 5TH
Milton Dogfish Head batting - Pitching for Jersey City Tritons : RHP Godfrey Verbiest
Batting: RHB Miguel Montoya 0-0: Called Strike
0-1: Ball
1-1: Foul Ball, location: 2F
1-2: Ball
2-2: Ball
3-2: Base on Balls
Batting: SHB Alejandro Castillo 0-0: Swinging Strike
0-1: Ball
1-1: Ball
2-1: Ball
3-1: Called Strike
3-2: Foul Ball, location: 2F
3-2: Base on Balls
Miguel Montoya to second
Batting: RHB David Sánchez 0-0: Ball
1-0: Foul Ball, location: 2F
1-1: Sac Bunt - play at first, batter OUT! 3-4
Miguel Montoya to third
Alejandro Castillo to second
Batting: RHB JoJo Victory 0-0: Ball
1-0: Foul Ball, location: 2F
1-1: Called Strike
1-2: Foul Ball, location: 2F
1-2: Strikes out swinging
Pitching: RHP Kenny Makris
Batting: SHB Enrique Costello 0-0: Ball
1-0: Foul Ball, location: 2F
1-1: Fly out, F8 (Flyball, 89D)
Bottom of the 5th over - 0 runs, 0 hits, 0 errors, 2 left on base; Jersey City 4 - Milton 0
TOP OF THE 6TH
Jersey City Tritons batting - Pitching for Milton Dogfish Head : RHP Romano Martínez
Batting: RHB Zahid Kashani 0-0: Foul Ball, location: 2F
0-1: Called Strike
0-2: Ball
1-2: Ball
2-2: Foul Ball, location: 2F
2-2: SINGLE (Groundball, 56D)
Batting: LHB Chia-ch'ing Dodman 0-0: Ball
1-0: Grounds into double play, 4-6-3 (Groundball, 4)
Batting: RHB Ju-chan Pak 0-0: Ball
1-0: Fly out, F8 (Flyball, 8LM)
Top of the 6th over - 0 runs, 1 hit, 0 errors, 0 left on base; Jersey City 4 - Milton 0
BOTTOM OF THE 6TH
Milton Dogfish Head batting - Pitching for Jersey City Tritons : RHP Kenny Makris
Batting: LHB Víctor Robledo 0-0: DOUBLE (Flyball, 78XD)
Batting: RHB Paco Muñóz 0-0: Foul Ball, location: 2F
0-1: Ball
1-1: Swinging Strike
1-2: Ball
2-2: Ball
3-2: Base on Balls
Batting: LHB Floyd Long 0-0: SINGLE (Line Drive, 7S)
Víctor Robledo to third
Paco Muñóz to second
Batting: RHB Luis Alomar 0-0: Ball
1-0: Ball
2-0: Ball
3-0: Called Strike
3-1: Base on Balls
Víctor Robledo scores
Paco Muñóz to third
Floyd Long to second
Batting: RHB Miguel Montoya 0-0: Ball
1-0: Ball
2-0: Called Strike
2-1: Swinging Strike
2-2: Foul Ball, location: 2F
2-2: Fly out, F7 (Flyball, 7LD)
Runner from 3rd tags up, SCORES, throw made
Now in LF: Colt Gridley
Batting: SHB Alejandro Castillo 0-0: SINGLE (Line Drive, 3D)
Floyd Long to third
Luis Alomar to second
Batting: RHB David Sánchez 0-0: Swinging Strike
0-1: Ball
1-1: Called Strike
1-2: SINGLE (Line Drive, 6)
Floyd Long scores
Luis Alomar to third
Alejandro Castillo to second
Runner from 3rd tries for Home, throw and OUT!
Pitching: LHP Chris Sommer
Batting: RHB JoJo Victory 0-0: 3-RUN HOME RUN (Line Drive, 78XD), Distance : 427 ft
Batting: SHB Enrique Costello 0-0: Ground out 6-3 (Groundball, 56)
Bottom of the 6th over - 6 runs, 5 hits, 0 errors, 0 left on base; Jersey City 4 - Milton 6
TOP OF THE 7TH
Jersey City Tritons batting - Pitching for Milton Dogfish Head : RHP Romano Martínez
Batting: SHB Dave Atkins 0-0: SINGLE (Groundball, 6MD)
Batting: RHB Júlio Vargas 0-0: Called Strike
0-1: Reached on error, E5 (Groundball, 56S)
Dave Atkins to third
Batting: SHB Ludovic Michel 0-0: Ball
1-0: Foul Ball, location: 2F
1-1: Ball
2-1: Ball
3-1: Called Strike
3-2: Base on Balls
Batting: RHB Edgar Baeza 0-0: Called Strike
0-1: Swinging Strike
0-2: Ball
1-2: Strikes out swinging
Batting: LHB Colt Gridley 0-0: Called Strike
0-1: Ball
1-1: Called Strike
1-2: Ball
2-2: Strikes out swinging
Pitching: RHP Michael Brown
Batting: RHB Dave Yates 0-0: Called Strike
0-1: Ball
1-1: Ground out 4-3 (Groundball, 4M)
Top of the 7th over - 0 runs, 1 hit, 1 error, 3 left on base; Jersey City 4 - Milton 6
BOTTOM OF THE 7TH
Milton Dogfish Head batting - Pitching for Jersey City Tritons : LHP Chris Sommer
Batting: LHB Víctor Robledo 0-0: Ball
1-0: Called Strike
1-1: Called Strike
1-2: Strikes out swinging, 2-3 out at first.
Batting: RHB Paco Muñóz 0-0: Fly out, F9 (Flyball, 89M)
Batting: LHB Floyd Long 0-0: Swinging Strike
0-1: Foul Ball, location: 2F
0-2: Ball
1-2: SINGLE (Flyball, 9S)
Batting: RHB Luis Alomar 0-0: Ball
1-0: Ball
2-0: Foul Ball, location: 2F
2-1: Ground out 6-3 (Groundball, 6S)
Bottom of the 7th over - 0 runs, 1 hit, 0 errors, 1 left on base; Jersey City 4 - Milton 6
TOP OF THE 8TH
Jersey City Tritons batting - Pitching for Milton Dogfish Head : RHP Michael Brown
Batting: RHB Zahid Kashani 0-0: Ball
1-0: Fly out, F8 (Flyball, 8RS)
Batting: LHB Chia-ch'ing Dodman 0-0: Called Strike
0-1: Ground out 4-3 (Groundball, 4)
Batting: RHB Ju-chan Pak 0-0: Ball
1-0: Ball
2-0: Called Strike
2-1: SINGLE (Groundball, 56D)
Batting: SHB Dave Atkins 0-0: Swinging Strike
0-1: Foul Ball, location: 2F
0-2: Ball
1-2: Foul Ball, location: 2F
1-2: Ball
2-2: SINGLE (Groundball, 34D)
Ju-chan Pak to second
Runner from 2nd tries for 3rd, SAFE, no throw
Batting: RHB Júlio Vargas 0-0: Ball
1-0: Foul Ball, location: 2F
1-1: Ball
2-1: Fly out, F7 (Flyball, 7D)
Top of the 8th over - 0 runs, 2 hits, 0 errors, 2 left on base; Jersey City 4 - Milton 6
BOTTOM OF THE 8TH
Milton Dogfish Head batting - Pitching for Jersey City Tritons : LHP Chris Sommer
Batting: RHB Miguel Montoya 0-0: Called Strike
0-1: Called Strike
0-2: Strikes out looking
Batting: SHB Alejandro Castillo 0-0: Ball
1-0: Ball
2-0: SINGLE (Line Drive, 6MD)
Batting: RHB David Sánchez 0-0: Swinging Strike
0-1: Ball
1-1: Ball
2-1: Foul Ball, location: 2F
2-2: Ball
3-2: Grounds into double play, 6-4-3 (Groundball, 6)
Bottom of the 8th over - 0 runs, 1 hit, 0 errors, 0 left on base; Jersey City 4 - Milton 6
TOP OF THE 9TH
Jersey City Tritons batting - Pitching for Milton Dogfish Head : RHP Michael Brown
Batting: SHB Ludovic Michel 0-0: Called Strike
0-1: SINGLE (Groundball, 34D)
Batting: RHB Edgar Baeza 0-0: Ball
1-0: Foul Ball, location: 2F
1-1: Called Strike
1-2: Hit by Pitch
Ludovic Michel to second
Pinch Runner at 2nd Gabriel Guerrero:
Batting: LHB Colt Gridley 0-0: Fly out, F3 (Popup, 34S)
Batting: RHB Dave Yates 0-0: Called Strike
0-1: Called Strike
0-2: Foul Ball, location: 2F
0-2: Strikes out swinging
Batting: RHB Zahid Kashani 0-0: Ball
1-0: Ball
2-0: SINGLE (Line Drive, 56D)
Gabriel Guerrero to third
Edgar Baeza to second
Batting: LHB Chia-ch'ing Dodman 0-0: Ball
1-0: Called Strike
1-1: Foul Ball, location: 2F
1-2: Foul Ball, location: 2F
1-2: Ball
2-2: Ball
3-2: SINGLE (Groundball, 56D)
Gabriel Guerrero scores
Edgar Baeza to third
Zahid Kashani to second
Edgar Baeza scores
Zahid Kashani to third
Batting: RHB Ju-chan Pak 0-0: Ball
1-0: Foul Ball, location: 2F
1-1: Ball
2-1: Ball
3-1: Fly out, F4 (Popup, 34)
Top of the 9th over - 2 runs, 3 hits, 0 errors, 2 left on base; Jersey City 6 - Milton 6
BOTTOM OF THE 9TH
Milton Dogfish Head batting - Pitching for Jersey City Tritons : LHP Chris Sommer
Pitching: RHP Anthony Ledesma
Batting: RHB JoJo Victory 0-0: Called Strike
0-1: Fly out, F5 (Popup, 6S)
Pinch Hitting: LHB Jon Baxter 0-0: Ball
1-0: Foul Ball, location: 2F
1-1: Ball
2-1: Fly out, F5 (Popup, 5DF)
Batting: LHB Víctor Robledo 0-0: Swinging Strike
0-1: Ball
1-1: Swinging Strike
1-2: Ball
2-2: Foul Ball, location: 2F
2-2: Foul Ball, location: 2F
2-2: Ball
3-2: Base on Balls
Batting: RHB Paco Muñóz 0-0: Swinging Strike
0-1: Ball
Víctor Robledo steals 2nd base
1-1: Swinging Strike
1-2: Ball
2-2: Ball
3-2: Foul Ball, location: 2F
3-2: Base on Balls
Batting: LHB Floyd Long 0-0: Ball
1-0: Ball
2-0: Ball
3-0: Called Strike
3-1: Base on Balls
Víctor Robledo to third
Paco Muñóz to second
Pinch Hitting: LHB Robert Adams 0-0: Called Strike
0-1: Called Strike
0-2: Strikes out looking
Bottom of the 9th over - 0 runs, 0 hits, 0 errors, 3 left on base; Jersey City 6 - Milton 6
TOP OF THE 10TH
Jersey City Tritons batting - Pitching for Milton Dogfish Head : RHP Michael Brown
Now at 2B: Jon Baxter
Now at 3B: Lorenzo Rosas
Batting: SHB Dave Atkins 0-0: Swinging Strike
0-1: Ball
1-1: Called Strike
1-2: Ball
2-2: Foul Ball, location: 2F
2-2: Ground out U3 (Groundball, 3)
Batting: RHB Júlio Vargas 0-0: Called Strike
0-1: Fly out, F7 (Flyball, 7S)
Batting: RHB Gabriel Guerrero 0-0: SINGLE (Line Drive, 4D)
Pitching: RHP Jeff Krause
Batting: RHB Edgar Baeza 0-0: Ground out 4-3 (Groundball, 4)
Top of the 10th over - 0 runs, 1 hit, 0 errors, 1 left on base; Jersey City 6 - Milton 6
BOTTOM OF THE 10TH
Milton Dogfish Head batting - Pitching for Jersey City Tritons : RHP Anthony Ledesma
Pitching: RHP Eddie Schmitt
Batting: RHB Miguel Montoya 0-0: Ball
1-0: Ball
2-0: Foul Ball, location: 2F
2-1: Ball
3-1: Called Strike
3-2: Strikes out looking
Batting: SHB Alejandro Castillo 0-0: Foul Ball, location: 2F
0-1: Called Strike
0-2: Ball
1-2: Ball
2-2: Foul Ball, location: 2F
2-2: Ball
3-2: Foul Ball, location: 2F
3-2: Foul Ball, location: 2F
3-2: Foul Ball, location: 2F
3-2: Base on Balls
Pinch Runner at 1st Edward Woodstock:
Batting: RHB David Sánchez 0-0: Called Strike
0-1: Called Strike
0-2: Ball
Edward Woodstock is caught stealing 2nd base
1-2: Strikes out swinging, 2-3 out at first.
Bottom of the 10th over - 0 runs, 0 hits, 0 errors, 0 left on base; Jersey City 6 - Milton 6
TOP OF THE 11TH
Jersey City Tritons batting - Pitching for Milton Dogfish Head : RHP Jeff Krause
Now in LF: Edward Woodstock
Batting: LHB Colt Gridley 0-0: Swinging Strike
0-1: Called Strike
0-2: Ball
1-2: Foul Ball, location: 2F
1-2: Ball
2-2: Foul Ball, location: 2F
2-2: Foul Ball, location: 2F
2-2: Ball
3-2: Fly out, F5 (Popup, 56)
Batting: RHB Dave Yates 0-0: Swinging Strike
0-1: Ball
1-1: Swinging Strike
1-2: Ball
2-2: Ball
3-2: Ground out 3-1 (Groundball, 34)
Batting: RHB Zahid Kashani 0-0: Foul Ball, location: 2F
0-1: Called Strike
0-2: Ground out 6-3 (Groundball, 6)
Top of the 11th over - 0 runs, 0 hits, 0 errors, 0 left on base; Jersey City 6 - Milton 6
BOTTOM OF THE 11TH
Milton Dogfish Head batting - Pitching for Jersey City Tritons : RHP Eddie Schmitt
Batting: RHB JoJo Victory 0-0: Ball
1-0: Ball
2-0: Ground out 5-3 (Groundball, 5S)
Batting: LHB Jon Baxter 0-0: Ball
1-0: Swinging Strike
1-1: Ground out 4-3 (Groundball, 4)
Batting: LHB Víctor Robledo 0-0: Ball
1-0: Fly out, F8 (Flyball, 8LM)
Bottom of the 11th over - 0 runs, 0 hits, 0 errors, 0 left on base; Jersey City 6 - Milton 6
TOP OF THE 12TH
Jersey City Tritons batting - Pitching for Milton Dogfish Head : RHP Jeff Krause
Batting: LHB Chia-ch'ing Dodman 0-0: Ball
1-0: Called Strike
1-1: Ball
2-1: SINGLE (Groundball, 34D)
Batting: RHB Ju-chan Pak 0-0: Hit by Pitch
Chia-ch'ing Dodman to second
Batting: SHB Dave Atkins 0-0: Foul Ball, location: 2F
0-1: Ball
1-1: Ball
2-1: Foul Ball, location: 2F
2-2: Foul Ball, location: 2F
2-2: Ball
3-2: Foul Ball, location: 2F
3-2: Foul Ball, location: 2F
3-2: 3-RUN HOME RUN (Flyball, 89XD), Distance : 396 ft
Pitching: LHP Santiago Mesa
Batting: RHB Júlio Vargas 0-0: Ground out 5-3 (Groundball, 56)
Batting: RHB Gabriel Guerrero 0-0: Ball
1-0: Foul Ball, location: 2F
1-1: Ball
2-1: Called Strike
2-2: DOUBLE (Flyball, 8RXD)
Batting: RHB Edgar Baeza 0-0: Intentional Walk
Batting: LHB Colt Gridley 0-0: Ball
1-0: Swinging Strike
1-1: Called Strike
1-2: Foul Ball, location: 2F
1-2: Ball
2-2: Ball
3-2: Base on Balls
Gabriel Guerrero to third
Edgar Baeza to second
Batting: RHB Dave Yates 0-0: Foul Ball, location: 2F
0-1: Ball
1-1: Swinging Strike
1-2: Fly out, F7 (Flyball, 78D)
Runner from 3rd tags up, SCORES, throw made
Batting: RHB Zahid Kashani 0-0: Called Strike
0-1: Ball
1-1: Ground out U3 (Groundball, 3)
Top of the 12th over - 4 runs, 3 hits, 0 errors, 2 left on base; Jersey City 10 - Milton 6
BOTTOM OF THE 12TH
Milton Dogfish Head batting - Pitching for Jersey City Tritons : RHP Eddie Schmitt
Batting: RHB Paco Muñóz 0-0: Called Strike
0-1: Swinging Strike
0-2: Strikes out swinging, 2-3 out at first.
Batting: LHB Floyd Long 0-0: Swinging Strike
0-1: Ball
1-1: SINGLE (Line Drive, 9LS)
Batting: RHB Lorenzo Rosas 0-0: Called Strike
0-1: Foul Ball, location: 2F
0-2: Foul Ball, location: 2F
0-2: Ball
1-2: Ball
2-2: Reached on error, E8 (Flyball, 8LXD)
Floyd Long to second
Batting: RHB Miguel Montoya 0-0: Ball
1-0: Fly out, F8 (Line Drive, 8RD)
Batting: LHB Edward Woodstock 0-0: Called Strike
0-1: SINGLE (Groundball, 3D)
Floyd Long to third
Lorenzo Rosas to second
Batting: RHB David Sánchez 0-0: Foul Ball, location: 2F
0-1: Fielders Choice at 2nd, U6 (Groundball, 6M)
Bottom of the 12th over - 0 runs, 2 hits, 1 error, 3 left on base; Jersey City 10 - Milton 6
Tuesday, December 19th, 2017 - OOTP Baseball 18.8 Build 76